 Dungeon Crawl Stone Soup version 0.15-a0-1363-g87d8b17 (webtiles) character file.

219 Crauler the Ruffian (level 5, 0/42 HPs)
             Began as a Draconian Transmuter on June 9, 2014.
             Succumbed to a scorpion's poison
             ... on Level 4 of the Dungeon.
             The game lasted 00:08:19 (3104 turns).

Crauler the Ruffian (Draconian Transmuter)          Turns: 3104, Time: 00:08:19

HP   0/42        AC  6     Str 12      XL: 5   Next: 63%
MP   9/9         EV 18     Int 15      God:
Gold 128         SH  0     Dex 16      Spells:  2 memorised,  5 levels left

rFire  + . .     SeeInvis .       - Unarmed
rCold  + . .     Clarity  .     (armour unavailable)
rNeg   . . .     rCorr    .     (no shield)
rPois  +         rRot     .     (helmet restricted)
rElec  +         Spirit   .     (no cloak)
SustAb .         Warding  .     i - +0 pair of gloves
rMut   .         Stasis   .     (no boots)
Gourm  .                        (no amulet)
MR     .....                    (no ring)
                                (no ring)

@: agile, lethally poisoned, resistant, flying, not resistant to hostile
enchantments, unstealthy
A: unfitting armour, cold-blooded, AC +5
a: no special abilities


You were on level 4 of the Dungeon.
You were hungry.

You visited 1 branch of the dungeon, and saw 4 of its levels.

You collected 128 gold pieces.

Inventory:

Missiles
 b - 12 arrows
 k - a javelin (quivered)
Armour
 i - a +0 pair of gloves (worn)
Magical devices
 t - a wand of flame (6) {unknown}
Comestibles
 a - 6 bread rations
 l - a royal jelly
 n - 3 fruits
 r - a rotting chunk of gnoll flesh
 v - a meat ration
Scrolls
 c - 3 scrolls of immolation {unknown}
 g - a scroll of enchant weapon I {unknown}
 h - 2 scrolls of identify {unknown}
 o - a scroll of remove curse {unknown}
 p - a scroll of recharging {unknown}
 q - a scroll of magic mapping {unknown}
 u - a scroll of noise {unknown}
Potions
 f - 2 potions of agility
 m - a potion of heal wounds {unknown}
 s - a potion of lignification {unknown}
Books
 d - a book of Changes

   Spells                             Type                      Level
   *Beastly Appendage                 Transmutation                1
   Sticks to Snakes                   Transmutation                2
   *Spider Form                       Transmutation/Poison         3
   Ice Form                           Ice/Transmutation            4
   Blade Hands                        Transmutation                5


   Skills:
 + Level 2.4 Fighting
 * Level 3.2 Dodging
 * Level 4.1 Unarmed Combat
 + Level 2.7 Spellcasting
 * Level 3.0 Transmutations


You had 5 spell levels left.
You knew the following spells:

 Your Spells              Type           Power        Failure   Level  Hunger
a - Beastly Appendage     Trmt           ##....       8%          1    #......
b - Spider Form           Trmt/Pois      #.........   34%         3    ###....


Dungeon Overview and Level Annotations

Branches:
Dungeon (4/15)
 Temple: D:4-7

Altars:

Annotations:
D:3 Crauler's ghost, average DrTm; Natasha


Innate Abilities, Weirdness & Mutations

Your plain brown scales are hard (AC +5).*
Your body does not fit into most forms of armour.
Your cold-blooded metabolism reacts poorly to cold.*


Message History

You hit the scorpion but do no damage.
The scorpion is almost dead.
* * * LOW HITPOINT WARNING * * *
You feel sick. The scorpion stings you!
* * * LOW HITPOINT WARNING * * *
Drink which item? (? for menu, Esc to quit)
You feel agile all of a sudden.
It was a potion of agility.
* * * LOW HITPOINT WARNING * * *
You feel sick. The scorpion completely misses you.
Drink which item? (? for menu, Esc to quit)
You feel protected.
It was a potion of resistance.
* * * LOW HITPOINT WARNING * * *
You feel sick. The scorpion stings you.
* * * LOW HITPOINT WARNING * * *
Drink which item? (? for menu, Esc to quit)
You feel very buoyant.
You fly up into the air.
It was a potion of flight.
You die...

#...............
#................
#!............... #
#..............##.
#............##.#
##....s.....# #.#
##........####.#
####''####.##.#
#..s@......#####
#######........#####.
#..#####.#.....
#....>##.#..###
##.##.........#
#.#####.#..#.. #..
...#..### ###
#####<.... #....)


You could see a scorpion.

Vanquished Creatures
  A worker ant (D:3)
  Natasha (D:3)
  7 adders
  3 gnolls (D:3)
  4 worms
  A giant gecko (D:2)
  An orc (D:2)
  A ball python (D:2)
  10 hobgoblins
  4 kobolds
  A quokka (D:2)
  6 bats
  5 giant cockroaches
  5 giant newts
  4 goblins
  12 rats
66 creatures vanquished.

Notes
Turn   | Place    | Note
--------------------------------------------------------------
     0 | D:1      | Crauler, the Draconian Transmuter, began the quest for the Orb.
     0 | D:1      | Reached XP level 1. HP: 16/16 MP: 3/3
   420 | D:1      | Reached XP level 2. HP: 10/23 MP: 4/4
   929 | D:1      | Reached XP level 3. HP: 19/28 MP: 6/6
   934 | D:1      | Learned a level 3 spell: Spider Form
  1440 | D:2      | Reached XP level 4. HP: 7/36 MP: 7/7
  1798 | D:3      | Noticed Crauler's ghost (average DrTm)
  2399 | D:3      | Reached skill level 4 in Unarmed Combat
  2653 | D:3      | Reached XP level 5. HP: 41/41 MP: 9/9
  2758 | D:3      | Noticed Natasha
  2767 | D:3      | Killed Natasha
  2977 | D:3      | Noticed Natasha
  3102 | D:4      | HP: 2/42 [poisoned by a scorpion]
  3104 | D:4      | Succumbed to a scorpion's poison

Action                   |  1- 3 |  4- 6 || total
-------------------------+-------+-------++-------
Melee: Unarmed           |   172 |   189 ||   361
Throw: Javelin           |     1 |     2 ||     3
 Cast: Spider Form       |       |     2 ||     2
  Use: Potion            |       |     3 ||     3
